General information
			
			
        
        - name: alle gegen alle
 
        - type: Ladder 1vs1/FFA
 
        - host: iggy_the_fisk
 
        - saver: blinn
 
        
map: SGOW07 
        - players: 8
 
        - length: 63:00
 
        - speed: Fast
 - version: 1.22 W3XP
 - replay type:  

 
» download(727 KB)
Players
        team 1 (loser) 
              
              
» 
iggy_the_fisk (
red | 53 APM | 3360 actions | 62:55)
              
 3 Warden 
 1 Shadow Strike
 2 Fan of Knives
 2 Naga Sea Witch 
 1 Frost Arrows
 1 Forked Lightning
 2 Pandaren Brewmaster 
 1 Breath of Fire
 1 Drunken Brawler
 
                » actions 
                
                | Assign group hotkey | 155 |  | 
| Basic commands | 8 |  | 
| Build / train | 75 |  | 
| Enter build submenu | 33 |  | 
| Enter hero's abilities submenu | 7 |  | 
| Give item / drop item | 1 |  | 
| Remove unit from queue | 3 |  | 
| Right click | 2063 |  | 
| Select / deselect | 503 |  | 
| Select group hotkey | 340 |  | 
| Use ability | 172 |  | 
                3360 total
 » units 
                
                | Wisp | 23 |  | 
| Archer | 5 |  | 
| Huntress | 3 |  | 
| Dryad | 2 |  | 
                33 total
 » upgrades
                
                | Nature's Blessing | 1 |  | 
| Strength of the Moon | 1 |  | 
| Improved Bows | 1 |  | 
| Strength of the Wild | 2 |  | 
| Sentinel | 1 |  | 
| Abolish Magic | 1 |  | 
                7 total
 » buildings
                
                | Altar of Elders | 2 |  | 
| Moon Well | 10 |  | 
| Ancient of War | 8 |  | 
| Tree of Ages | 2 |  | 
| Hunter's Hall | 1 |  | 
| Ancient of Wonders | 2 |  | 
| Tree of Eternity | 2 |  | 
| Ancient of Lore | 2 |  | 
| Tree of Life | 2 |  | 
                31 total
 » build order
                00:51 Altar of Elders
01:05 Moon Well
01:33 Ancient of War
02:11 Moon Well
02:45 Ancient of War
02:59 Ancient of War
03:15 Moon Well
03:58 Ancient of War
03:59 Tree of Ages
04:14 Ancient of War
04:25 Moon Well
05:26 Hunter's Hall
05:28 Moon Well
05:32 Ancient of Wonders
07:47 Ancient of War
07:49 Ancient of War
11:11 Tree of Eternity
13:21 Ancient of Lore
14:42 Ancient of Lore
21:09 Tree of Life
21:38 Ancient of War
24:48 Altar of Elders
24:58 Moon Well
25:56 Moon Well
26:52 Moon Well
27:23 Tree of Ages
28:24 Ancient of Wonders
29:48 Tree of Eternity
30:31 Moon Well
35:31 Tree of Life
36:49 Moon Well
» items
                
                | Staff of Preservation | 2 |  | 
| Potion of Healing | 2 |  | 
| Lesser Clarity Potion | 2 |  | 
| Potion of Mana | 2 |  | 
| Scroll of Town Portal | 4 |  | 
| Boots of Speed | 2 |  | 
| Staff of Teleportation | 2 |  | 
| Potion of Lesser Invulnerability | 1 |  | 
| Circlet of Nobility | 1 |  | 
                18 total
  
               team 2 (winner) 
              
              
» 
blinn (
green | 120 APM | 7544 actions | 63:00)
              
 8 Mountain King 
 3 Storm Bolt
 3 Bash
 1 Avatar
 1 Thunder Clap
 6 Paladin 
 3 Holy Light
 2 Divine Shield
 1 Resurrection
 7 Blood Mage 
 2 Banish
 1 Siphon Mana
 3 Flame Strike
 1 Summon Phoenix
 
                » actions 
                
                | Assign group hotkey | 83 |  | 
| Basic commands | 83 |  | 
| Build / train | 143 |  | 
| Enter build submenu | 37 |  | 
| Enter hero's abilities submenu | 22 |  | 
| Give item / drop item | 18 |  | 
| Remove unit from queue | 8 |  | 
| Right click | 3343 |  | 
| Select / deselect | 989 |  | 
| Select group hotkey | 2641 |  | 
| Use ability | 173 |  | 
                7544 total
 » units 
                
                | Peasant | 17 |  | 
| Footman | 4 |  | 
| Rifleman | 6 |  | 
| Mortar Team | 3 |  | 
| Knight | 3 |  | 
| Sorceress | 3 |  | 
| Priest | 3 |  | 
| Transport Ship | 1 |  | 
| Spell Breaker | 2 |  | 
                42 total
 » upgrades
                
                | Masonry | 3 |  | 
| Defend | 1 |  | 
| Lumber Harvesting | 2 |  | 
| Gunpowder | 3 |  | 
| Long Rifles | 1 |  | 
| Flare | 1 |  | 
| Priest Training | 2 |  | 
| Sorceress Training | 2 |  | 
| Fragmentation Shards | 1 |  | 
| Armor | 3 |  | 
| Animal War Training | 1 |  | 
| Control Magic | 1 |  | 
| Magic Sentry | 1 |  | 
| Plating | 3 |  | 
| Swords | 3 |  | 
| Barrage | 1 |  | 
                29 total
 » buildings
                
                | Altar of Kings | 2 |  | 
| Farm | 11 |  | 
| Lumber Mill | 2 |  | 
| Barracks | 5 |  | 
| Arcane Vault | 2 |  | 
| Keep | 1 |  | 
| Town Hall | 6 |  | 
| Blacksmith | 1 |  | 
| Castle | 2 |  | 
| Workshop | 2 |  | 
| Arcane Sanctum | 2 |  | 
                36 total
 » build order
                00:50 Altar of Kings
01:02 Farm
01:36 Farm
01:45 Lumber Mill
02:13 Barracks
02:35 Farm
03:59 Arcane Vault
04:03 Farm
04:37 Keep
05:06 Farm
05:48 Town Hall
06:11 Blacksmith
06:18 Barracks
08:49 Town Hall
09:37 Castle
09:38 Castle
09:53 Farm
09:53 Farm
09:54 Farm
09:54 Farm
13:49 Workshop
13:51 Arcane Sanctum
14:03 Arcane Vault
21:45 Arcane Sanctum
21:48 Workshop
24:30 Barracks
24:31 Barracks
27:47 Town Hall
27:54 Altar of Kings
37:20 Town Hall
38:29 Barracks
41:38 Farm
42:33 Lumber Mill
56:52 Town Hall
56:57 Town Hall
57:41 Farm
» items
                
                | Sobi Mask | 1 |  | 
| Pendant of Energy | 1 |  | 
| Staff of Sanctuary | 3 |  | 
| Orb of Fire | 2 |  | 
| Scroll of Town Portal | 6 |  | 
| Medallion of Courage | 1 |  | 
                14 total
  
               team 3 (loser) 
              
              
» 
BEAR_AND (
blue | 52 APM | 3277 actions | 62:55)
              
 4 Archmage 
 2 Summon Water Elemental
 2 Brilliance Aura
 4 Mountain King 
 3 Storm Bolt
 1 Bash
 2 Paladin 
 1 Holy Light
 1 Divine Shield
 
                » actions 
                
                | Assign group hotkey | 32 |  | 
| Basic commands | 7 |  | 
| Build / train | 75 |  | 
| Enter build submenu | 24 |  | 
| Enter hero's abilities submenu | 11 |  | 
| Give item / drop item | 12 |  | 
| Remove unit from queue | 10 |  | 
| Right click | 2104 |  | 
| Select / deselect | 427 |  | 
| Select group hotkey | 472 |  | 
| Use ability | 96 |  | 
                3277 total
 » units 
                
                | Peasant | 13 |  | 
| Footman | 6 |  | 
| Rifleman | 1 |  | 
| Sorceress | 3 |  | 
| Knight | 4 |  | 
| Spell Breaker | -1 |  | 
                26 total
 » upgrades
                
                | Masonry | 3 |  | 
| Lumber Harvesting | 2 |  | 
| Magic Sentry | 1 |  | 
| Animal War Training | 1 |  | 
| Priest Training | 2 |  | 
| Sorceress Training | 2 |  | 
                11 total
 » buildings
                
                | Altar of Kings | 1 |  | 
| Barracks | 1 |  | 
| Farm | 9 |  | 
| Lumber Mill | 1 |  | 
| Keep | 1 |  | 
| Arcane Vault | 1 |  | 
| Blacksmith | 1 |  | 
| Castle | 1 |  | 
| Scout Tower | 1 |  | 
| Arcane Sanctum | 2 |  | 
| Workshop | 1 |  | 
                20 total
 » build order
                01:00 Altar of Kings
01:11 Barracks
01:24 Farm
01:53 Farm
02:33 Farm
02:35 Farm
03:34 Lumber Mill
04:52 Keep
04:55 Arcane Vault
05:48 Blacksmith
05:58 Farm
05:59 Farm
07:36 Castle
07:40 Scout Tower
08:40 Arcane Sanctum
08:44 Arcane Sanctum
10:04 Farm
10:08 Farm
10:09 Farm
23:32 Workshop
» items
                
                | Scroll of Regeneration | 1 |  | 
| Mechanical Critter | 2 |  | 
| Staff of Sanctuary | 3 |  | 
| Scroll of Town Portal | 3 |  | 
| Boots of Speed | 1 |  | 
| Scroll of Healing | 1 |  | 
| Belt of Giant Strength +6 | 1 |  | 
| Pendant of Energy | 1 |  | 
                13 total
  
               team 4 (loser) 
              
              
» 
TIMG4STRok (
gray | 147 APM | 8876 actions | 60:10)
              
 8 Demon Hunter 
 3 Mana Burn
 3 Evasion
 1 Metamorphosis
 1 Immolation
 5 Keeper of the Grove 
 3 Entangling Roots
 2 Thorns Aura
 5 Dark Ranger 
 2 Black Arrow
 3 Silence
 
                » actions 
                
                | Assign group hotkey | 58 |  | 
| Basic commands | 368 |  | 
| Build / train | 111 |  | 
| ESC pressed | 1 |  | 
| Enter build submenu | 15 |  | 
| Enter hero's abilities submenu | 18 |  | 
| Give item / drop item | 25 |  | 
| Right click | 3882 |  | 
| Select / deselect | 777 |  | 
| Select group hotkey | 3440 |  | 
| Use ability | 179 |  | 
                8876 total
 » units 
                
                | Wisp | 18 |  | 
| Archer | 22 |  | 
| Dryad | 11 |  | 
| Transport Ship | 2 |  | 
| Druid of the Talon | 6 |  | 
                59 total
 » upgrades
                
                | Improved Bows | 1 |  | 
| Abolish Magic | 1 |  | 
| Ultravision | 1 |  | 
| Strength of the Wild | 3 |  | 
| Strength of the Moon | 3 |  | 
| Marksmanship | 1 |  | 
| Druid of the Talon Training | 2 |  | 
| Well Spring | 1 |  | 
| Nature's Blessing | 1 |  | 
| Moon Armor | 2 |  | 
| Reinforced Hides | 1 |  | 
                17 total
 » buildings
                
                | Altar of Elders | 1 |  | 
| Moon Well | 7 |  | 
| Ancient of War | 1 |  | 
| Tree of Ages | 1 |  | 
| Ancient of Wonders | 1 |  | 
| Hunter's Hall | 1 |  | 
| Ancient of Lore | 1 |  | 
| Ancient of Wind | 1 |  | 
| Tree of Eternity | 1 |  | 
| Tree of Life | 2 |  | 
                17 total
 » build order
                00:55 Altar of Elders
01:02 Moon Well
01:10 Ancient of War
02:57 Moon Well
04:29 Moon Well
05:22 Tree of Ages
06:18 Ancient of Wonders
06:21 Hunter's Hall
06:32 Moon Well
08:07 Moon Well
08:15 Ancient of Lore
08:18 Moon Well
10:51 Ancient of Wind
13:04 Tree of Eternity
13:07 Moon Well
19:23 Tree of Life
34:00 Tree of Life
» items
                
                | Potion of Healing | 1 |  | 
| Staff of Preservation | 2 |  | 
| Orb of Venom | 1 |  | 
| Helm of Valor | 1 |  | 
| Claws of Attack +12 | 2 |  | 
| Legion Doom-Horn | 1 |  | 
| Boots of Quel'Thalas +6 | 1 |  | 
| Robe of the Magi +6 | 1 |  | 
| Scroll of Town Portal | 2 |  | 
                12 total
  
               team 5 (loser) 
              
              
» 
Mata. (
teal | 195 APM | 12287 actions | 62:55)
              
 6 Archmage 
 3 Summon Water Elemental
 2 Brilliance Aura
 1 Mass Teleport
 6 Mountain King 
 3 Storm Bolt
 2 Bash
 1 Avatar
 6 Paladin 
 3 Holy Light
 2 Divine Shield
 1 Resurrection
 
                » actions 
                
                | Assign group hotkey | 412 |  | 
| Basic commands | 189 |  | 
| Build / train | 182 |  | 
| Enter build submenu | 52 |  | 
| Enter hero's abilities submenu | 19 |  | 
| Give item / drop item | 16 |  | 
| Remove unit from queue | 11 |  | 
| Right click | 4551 |  | 
| Select / deselect | 2074 |  | 
| Select group hotkey | 4423 |  | 
| Use ability | 357 |  | 
                12287 total
 » units 
                
                | Peasant | 52 |  | 
| Footman | 7 |  | 
| Priest | 4 |  | 
| Sorceress | 3 |  | 
| Knight | 10 |  | 
| Mortar Team | 4 |  | 
| Transport Ship | 5 |  | 
| Spell Breaker | 2 |  | 
                87 total
 » upgrades
                
                | Priest Training | 2 |  | 
| Sorceress Training | 2 |  | 
| Magic Sentry | 1 |  | 
| Control Magic | 1 |  | 
| Masonry | 3 |  | 
| Lumber Harvesting | 2 |  | 
| Flare | 1 |  | 
| Armor | 3 |  | 
| Fragmentation Shards | 1 |  | 
| Gunpowder | 3 |  | 
| Swords | 3 |  | 
| Plating | 3 |  | 
| Animal War Training | 1 |  | 
| Barrage | 1 |  | 
                27 total
 » buildings
                
                | Altar of Kings | 1 |  | 
| Farm | 14 |  | 
| Barracks | 6 |  | 
| Arcane Vault | 2 |  | 
| Keep | 1 |  | 
| Castle | 1 |  | 
| Arcane Sanctum | 3 |  | 
| Town Hall | 6 |  | 
| Blacksmith | 4 |  | 
| Lumber Mill | 1 |  | 
| Workshop | 3 |  | 
| Gryphon Aviary | 1 |  | 
                43 total
 » build order
                00:51 Altar of Kings
01:11 Farm
01:13 Barracks
01:56 Farm
02:49 Farm
03:26 Arcane Vault
03:58 Keep
03:59 Farm
07:07 Farm
07:08 Farm
07:17 Castle
07:19 Arcane Sanctum
07:23 Arcane Sanctum
11:52 Farm
12:53 Town Hall
14:10 Blacksmith
17:01 Lumber Mill
17:23 Workshop
17:23 Workshop
18:09 Farm
18:09 Farm
18:11 Farm
18:11 Farm
18:21 Gryphon Aviary
18:23 Blacksmith
18:24 Blacksmith
20:54 Barracks
20:57 Workshop
23:57 Town Hall
24:00 Town Hall
34:29 Town Hall
35:52 Farm
39:15 Town Hall
40:13 Farm
40:14 Farm
40:26 Barracks
41:00 Arcane Sanctum
42:47 Blacksmith
43:22 Barracks
43:24 Barracks
54:16 Barracks
54:53 Arcane Vault
55:25 Town Hall
» items
                
                | Scroll of Regeneration | 3 |  | 
| Ivory Tower | 1 |  | 
| Staff of Sanctuary | 2 |  | 
| Scroll of Town Portal | 3 |  | 
| Orb of Fire | 1 |  | 
| Cloak of Flames | 1 |  | 
| Staff of Teleportation | 1 |  | 
| Scourge Bone Chimes | 1 |  | 
| Belt of Giant Strength +6 | 1 |  | 
| Legion Doom-Horn | 1 |  | 
| Helm of Valor | 1 |  | 
| Robe of the Magi +6 | 1 |  | 
                17 total
  
               team 6 (loser) 
              
              
» 
evil_pengoon (
pink | 70 APM | 4125 actions | 58:51)
              
 8 Warden 
 3 Shadow Strike
 3 Blink
 1 Spirit of Vengeance
 1 Fan of Knives
 7 Naga Sea Witch 
 3 Frost Arrows
 3 Forked Lightning
 1 Tornado
 
                » actions 
                
                | Assign group hotkey | 32 |  | 
| Basic commands | 115 |  | 
| Build / train | 111 |  | 
| Enter build submenu | 37 |  | 
| Enter hero's abilities submenu | 16 |  | 
| Give item / drop item | 5 |  | 
| Remove unit from queue | 1 |  | 
| Right click | 2258 |  | 
| Select / deselect | 697 |  | 
| Select group hotkey | 570 |  | 
| Use ability | 283 |  | 
                4125 total
 » units 
                
                | Wisp | 32 |  | 
| Archer | 2 |  | 
| Huntress | 5 |  | 
| Furbolg Shaman | 1 |  | 
| Druid of the Claw | 4 |  | 
| Dryad | 6 |  | 
| Mountain Giant | 3 |  | 
| Druid of the Talon | 3 |  | 
| Glaive Thrower | 3 |  | 
                59 total
 » upgrades
                
                | Druid of the Claw Training | 2 |  | 
| Abolish Magic | 1 |  | 
| Strength of the Wild | 3 |  | 
| Reinforced Hides | 3 |  | 
| Ultravision | 1 |  | 
| Well Spring | 1 |  | 
| Mark of the Claw | 1 |  | 
| Hardened Skin | 1 |  | 
| Resistant Skin | 1 |  | 
| Druid of the Talon Training | 2 |  | 
| Nature's Blessing | 1 |  | 
| Backpack | 1 |  | 
| Strength of the Moon | 2 |  | 
| Vorpal Blades | 1 |  | 
                21 total
 » buildings
                
                | Altar of Elders | 3 |  | 
| Moon Well | 12 |  | 
| Ancient of War | 2 |  | 
| Hunter's Hall | 2 |  | 
| Ancient of Wonders | 3 |  | 
| Tree of Ages | 2 |  | 
| Ancient of Lore | 2 |  | 
| Tree of Eternity | 2 |  | 
| Tree of Life | 6 |  | 
| Ancient of Wind | 1 |  | 
                35 total
 » build order
                00:57 Altar of Elders
01:04 Moon Well
01:25 Ancient of War
02:56 Moon Well
03:16 Hunter's Hall
04:27 Moon Well
05:12 Ancient of Wonders
05:29 Tree of Ages
06:22 Moon Well
08:59 Ancient of Lore
09:10 Ancient of Lore
11:03 Tree of Eternity
12:41 Tree of Life
14:18 Moon Well
14:24 Moon Well
21:55 Ancient of Wonders
22:03 Tree of Life
22:47 Ancient of Wonders
24:36 Ancient of Wind
43:48 Altar of Elders
44:17 Altar of Elders
44:22 Moon Well
44:24 Moon Well
44:26 Moon Well
45:21 Hunter's Hall
45:45 Ancient of War
46:37 Tree of Life
47:05 Tree of Life
47:45 Tree of Ages
49:56 Moon Well
50:00 Moon Well
51:17 Tree of Eternity
51:19 Moon Well
53:51 Tree of Life
56:26 Tree of Life
» items
                
                | Orb of Venom | 1 |  | 
| Scroll of Town Portal | 3 |  | 
| Sobi Mask | 1 |  | 
| Cloak of Flames | 1 |  | 
| Ancient Janggo of Endurance | 1 |  | 
| Hood of Cunning | 1 |  | 
                8 total
  
               team 7 (loser) 
              
              
» 
Rezifut (
yellow | 77 APM | 4815 actions | 62:55)
              
 4 Demon Hunter 
 2 Mana Burn
 2 Evasion
 3 Warden 
 2 Shadow Strike
 1 Blink
 
                » actions 
                
                | Assign group hotkey | 192 |  | 
| Basic commands | 1 |  | 
| Build / train | 127 |  | 
| ESC pressed | 2 |  | 
| Enter build submenu | 39 |  | 
| Enter hero's abilities submenu | 7 |  | 
| Remove unit from queue | 20 |  | 
| Right click | 2415 |  | 
| Select / deselect | 554 |  | 
| Select group hotkey | 1133 |  | 
| Use ability | 325 |  | 
                4815 total
 » units 
                
                | Wisp | 32 |  | 
| Archer | 13 |  | 
| Druid of the Talon | 26 |  | 
                71 total
 » upgrades
                
                | Ultravision | 1 |  | 
| Improved Bows | 1 |  | 
| Strength of the Moon | 3 |  | 
| Moon Armor | 4 |  | 
| Strength of the Wild | 3 |  | 
| Reinforced Hides | 3 |  | 
| Marksmanship | 1 |  | 
| Nature's Blessing | 1 |  | 
| Druid of the Talon Training | 2 |  | 
| Well Spring | 1 |  | 
| Mark of the Talon | 2 |  | 
                22 total
 » buildings
                
                | Altar of Elders | 2 |  | 
| Moon Well | 17 |  | 
| Ancient of War | 1 |  | 
| Tree of Ages | 1 |  | 
| Ancient of Wonders | 3 |  | 
| Hunter's Hall | 1 |  | 
| Tree of Life | 2 |  | 
| Tree of Eternity | 1 |  | 
| Ancient of Wind | 4 |  | 
                32 total
 » build order
                00:54 Altar of Elders
01:06 Moon Well
01:34 Ancient of War
02:21 Moon Well
03:43 Tree of Ages
03:58 Moon Well
04:16 Ancient of Wonders
04:37 Hunter's Hall
05:22 Moon Well
07:04 Tree of Life
10:17 Tree of Eternity
12:57 Ancient of Wind
12:59 Ancient of Wind
19:05 Ancient of Wind
19:06 Ancient of Wind
21:58 Moon Well
22:00 Moon Well
22:03 Moon Well
22:04 Moon Well
27:41 Ancient of Wonders
27:44 Ancient of Wonders
29:39 Moon Well
29:41 Moon Well
29:42 Moon Well
29:45 Moon Well
29:51 Moon Well
29:57 Moon Well
30:24 Altar of Elders
31:00 Tree of Life
37:54 Moon Well
37:57 Moon Well
37:58 Moon Well
» items
                 
               team 8 (loser) 
              
              
» 
dotCommunism (
purple | 31 APM | 1940 actions | 62:55)
              
 4 Blademaster 
 2 Wind Walk
 2 Critical Strike
 4 Tauren Chieftain 
 2 Shockwave
 2 Endurance Aura
 1 Shadow Hunter 
 1 Healing Wave
 
                » actions 
                
                | Assign group hotkey | 10 |  | 
| Basic commands | 66 |  | 
| Build / train | 80 |  | 
| ESC pressed | 2 |  | 
| Enter build submenu | 32 |  | 
| Enter hero's abilities submenu | 9 |  | 
| Remove unit from queue | 6 |  | 
| Right click | 1067 |  | 
| Select / deselect | 490 |  | 
| Select group hotkey | 97 |  | 
| Use ability | 81 |  | 
                1940 total
 » units 
                
                | Peon | 12 |  | 
| Grunt | 16 |  | 
| Shaman | 4 |  | 
| Tauren | 5 |  | 
                37 total
 » upgrades
                
                | Melee Weapons | 3 |  | 
| Armor | 3 |  | 
| Ranged Weapons | 1 |  | 
| Berserker Strength | 1 |  | 
| Shaman Training | 2 |  | 
| Pulverize | 1 |  | 
| Reinforced Defenses | 1 |  | 
| Spiked Barricades | 1 |  | 
| War Drums Damage Increase | 0 |  | 
                13 total
 » buildings
                
                | Altar of Storms | 2 |  | 
| Orc Burrow | 14 |  | 
| Barracks | 4 |  | 
| War Mill | 2 |  | 
| Voodoo Lounge | 1 |  | 
| Stronghold | 2 |  | 
| Spirit Lodge | 1 |  | 
| Fortress | 1 |  | 
| Beastiary | 1 |  | 
| Tauren Totem | 3 |  | 
| Great Hall | 1 |  | 
                32 total
 » build order
                00:57 Altar of Storms
01:05 Orc Burrow
01:28 Barracks
02:33 War Mill
03:48 Orc Burrow
05:11 Voodoo Lounge
05:17 Stronghold
06:45 Barracks
06:51 Orc Burrow
06:52 Orc Burrow
06:53 Orc Burrow
07:53 Spirit Lodge
11:34 Orc Burrow
11:35 Orc Burrow
11:36 Orc Burrow
13:37 Fortress
14:57 War Mill
17:23 Beastiary
17:31 Tauren Totem
19:55 Great Hall
20:12 Orc Burrow
20:18 Orc Burrow
21:20 Orc Burrow
28:21 Altar of Storms
29:12 Barracks
29:16 Barracks
29:34 Tauren Totem
29:39 Tauren Totem
29:49 Stronghold
30:15 Orc Burrow
30:16 Orc Burrow
30:17 Orc Burrow
» items
                
                | Healing Salve | 6 |  | 
| Scroll of Town Portal | 2 |  | 
| Potion of Healing | 1 |  | 
                9 total
  
                Chat log
          (00:41 / All) evil_pengoon: rr2
(00:42 / All) evil_pengoon: rr2
(00:47 / All) TIMG4STRok: -n
(00:52 / All) Mata.: gl all
(01:02 / All) iggy_the_fisk: greeetings
(01:06 / All) BEAR_AND:  
(01:07 / All) dotCommunism:  
(01:11 / All) evil_pengoon:  
(01:13 / All) TIMG4STRok: suck on  my 
(01:17 / All) Rezifut: lol
(01:19 / All) blinn: WASSUP
(01:23 / All) blinn: GOBLINAMMODUIMP
(01:35 / All) Mata.: who related to me
(01:38 / All) BEAR_AND:  
(01:40 / All) BEAR_AND: not m
(09:31 / All) blinn: who got a cooler name than me? no1
(09:36 / All) BEAR_AND:  
(09:38 / All) BEAR_AND: not i
(10:42 / All) TIMG4STRok: who is purple.
(11:04 / All) dotCommunism: dotcommunism, noob at orc =/
(20:10 / All) BEAR_AND: just wanted vision
(32:30 / All) dotCommunism: whos pink?
(32:42 / All) evil_pengoon: ep
(32:46 / All) dotCommunism: ah
(41:46 / All) evil_pengoon: in the future green and grey try not to team up
(49:58 / All) Rezifut: NO
(58:09 / All) blinn: i crept the goblin merchant
(58:13 / All) blinn: with the red dragon
(58:18 / All) blinn: got +6 boots of quelthelas
(58:22 / All) Mata.: GRATS
(58:28 / All) blinn: shitty drop..
(58:31 / All) blinn: considering it was mad hard 2 get 2
(58:47 / All) Mata.: I DONT wanna make really good drops for these secret creeps